 Dungeon Crawl Stone Soup version 0.21-a0-582-g1b93aee (webtiles) character file.

14301 Gaball the Spear-Bearer (level 12, -10/88 HPs)
             Began as a Formicid Fighter on Dec 19, 2017.
             Was a High Priest of Hepliaklqana.
             Mangled by a sixfirhy (11 damage)
             ... summoned by an orc high priest
             ... on level 2 of the Orcish Mines.
             The game lasted 00:22:32 (11456 turns).

Gaball the Spear-Bearer (Formicid Fighter)         Turns: 11456, Time: 00:22:33

Health: -10/88     AC: 17    Str: 33    XL:     12   Next: 43%
Magic:  14/14      EV: 12    Int:  8    God:    Hepliaklqana [*****.]
Gold:   1227       SH: 12    Dex: 10    Spells: 11/11 levels left

rFire    + + +     SeeInvis +   P - +1 spear of the Establishment {pierce, rF+ rC- Str+7}
rCold    x . .     Gourm    .   c - +0 shield
rNeg     . . .     Faith    +   s - +2 scale mail {rF+}
rPois    .         Spirit   .   (helmet unavailable)
rElec    .         Reflect  .   N - +2 cloak
rCorr    .         Harm     .   (no gloves)
MR       +....                  g - +2 pair of boots
Stlth    ..........             A - amulet of faith
HPRegen  0.24/turn              k - +2 ring of evasion
MPRegen  0.14/turn              L - ring of protection from fire

@: very slightly contaminated, invisible
A: permanent stasis, dig shafts and tunnels, four strong arms, reduced essence,
antennae 3
a: Dig, Shaft Self, Recall Ancestor, Ancestor Identity, Transference, Idealise,
Renounce Religion


You were on level 2 of the Orcish Mines.
You worshipped Hepliaklqana.
Hepliaklqana was extremely pleased with you.
You were not hungry.

You visited 2 branches of the dungeon, and saw 13 of its levels.

You collected 1227 gold pieces.

Inventory:

Hand Weapons
 a - a +0 trident
 t - a -3 spear
 P - the +1 spear of the Establishment (weapon) {pierce, rF+ rC- Str+7}
   (You found it on level 10 of the Dungeon)

   It inflicts extra damage upon your enemies.
   It affects your strength (+7).
   It protects you from fire.
   It makes you vulnerable to cold.
Armour
 b - a +0 scale mail
 c - a +0 shield (worn)
 g - a +2 pair of boots (worn)
 i - a +1 cloak
 s - a +2 scale mail of fire resistance (worn)
 N - a +2 cloak (worn)
Jewellery
 k - a +2 ring of evasion (left hand)
 A - an amulet of faith (around neck)
 L - a ring of protection from fire (right hand)
 O - an uncursed ring of positive energy
 R - an uncursed amulet of the gourmand {unknown}
Wands
 m - a wand of polymorph (30)
 y - a wand of random effects (34)
 K - a wand of acid (7)
Scrolls
 h - 2 scrolls of enchant armour
 l - 3 scrolls of remove curse
 o - 10 scrolls of teleportation
 q - 2 scrolls of amnesia
 r - 3 scrolls of blinking
 w - 2 scrolls of magic mapping
 x - a scroll of fear
 C - a scroll of noise
 E - 2 scrolls of random uselessness
 G - a scroll of immolation
 J - a scroll of fog {unknown}
 Q - a scroll of identify
Potions
 d - 2 potions of might
 e - 3 potions of brilliance
 n - a potion of mutation {unknown}
 p - a potion of curing
 v - 2 potions of agility
 z - 3 potions of haste {unknown}
 B - a potion of degeneration
 D - 2 potions of resistance {unknown}
 H - a potion of magic {unknown}
 I - a potion of berserk rage {unknown}
 M - a potion of flight
Comestibles
 f - 17 rations


   Skills:
 + Level 10.3 Fighting
 - Level 12.6 Polearms
 + Level 10.3 Armour
 - Level 9.0 Shields
 + Level 3.0 Evocations


You had 11 spell levels left.
You didn't know any spells.

Dungeon Overview and Level Annotations

Branches:
Dungeon (11/15)            Temple (0/1) D:4             Orc (2/2) D:10
    Elf (0/3) Orc:2
   Lair: D:8-11

Altars:
Ashenzari
Dithmenos
Fedhas
Gozag
Hepliaklqana
Makhleb
Nemelex Xobeh
Okawaru
Qazlal
Trog
Uskayaw
Vehumet
Wu Jian
Zin

Shops:
D:4 [

Annotations:
Orc:1 Harold


Innate Abilities, Weirdness & Mutations

You cannot be hasted, slowed, berserked, paralysed or teleported.
You can dig through walls and to a lower floor.
Your four strong arms can wield two-handed weapons with a shield.
You have a pair of large antennae on your head. (SInv)
Your life essence is reduced to manifest your ancestor. (-10% HP)


Message History

The sixfirhy hits you but does no damage.
Something hits Tiberius!
Something freezes Tiberius!
Tiberius resists.
Tiberius has departed this plane of existence.
The sixfirhy misses you.
The sixfirhy hits you but does no damage.
The sixfirhy barely misses you. The sixfirhy closely misses you.
Okay, then.
You fade into invisibility!
You are very lightly contaminated with residual magic.
You block the sixfirhy's attack. The sixfirhy hits you.
* * * LOW HITPOINT WARNING * * *
The sixfirhy shocks you!
* * * LOW HITPOINT WARNING * * *
The sixfirhy barely misses you. The sixfirhy hits you!
* * * LOW HITPOINT WARNING * * *
The sixfirhy shocks you!
You die...

......#...# #. .......#.## #.##
....).§#§### #...#.....##
....†.§§§§§### ###..##......##
.......#)§§§.###.............##
......§§#§8.4.##..............#
....o.4###§§§#................###
.#){o..##.§..#.3................#
.#.{....##......@..............##
##.....##........................
#....####...........##.#........
#.#.#######.........####........
##### #............## #........
###..........######.......
#............#.##.......
###..........#..........
#.#.............[.....


You could see an ice devil and a sixfirhy.

Vanquished Creatures
  Gastronok (D:8)
  An orc warlord (Orc:1)
  A stone giant (Orc:2)
  The ghost of tsumetai the Carver, a journeyman HuMo of Ashenzari (D:11)
  The ghost of Regeox the Cleaver, a novice HOFi of Okawaru (Orc:1)
  The ghost of Zleub the Magician, a novice GnSk of Hepliaklqana (D:8)
  An orc sorcerer (Orc:2)
  Grinder (D:6)
  2 hungry ghosts (D:9)
  14 orc warriors
  A porcupine (D:11)
  Duvessa (D:7)
  A sky beast (D:6)
  A hornet zombie (D:9)
  A phantom (D:4)
  An ice beast (D:8)
  7 ogres
  4 black bears
  2 centaurs
  A big kobold (D:10)
  4 bullfrogs
  A wyvern skeleton (D:3)
  4 scorpions
  5 killer bees (D:10)
  A jelly (D:9)
  A centaur zombie (D:9)
  2 crimson imps
  Crazy Yiuf (D:7)
  A centaur skeleton (D:6)
  7 orc priests
  7 orc wizards
  A gnoll shaman (Orc:2)
  6 hounds
  4 bullfrog skeletons
  An iguana (D:6)
  Ijyb (D:3)
  9 worker ants
  A killer bee zombie (D:8)
  A hound zombie (D:9)
  A hound skeleton (D:8)
  A howler monkey zombie (D:7)
  4 gnolls (Orc:2)
  5 adders
  2 shadow imps
  3 oozes
  A worm (D:3)
  5 leopard geckos
  55 orcs
  7 bats
  5 giant cockroaches
  6 goblins
  3 hobgoblins
  9 jackals
  6 kobolds
  2 quokkas (D:7)
  2 ball pythons
  5 frilled lizards
  A leopard gecko skeleton (D:5)
  2 quokka skeletons (D:6)
  3 rats
230 creatures vanquished.

Vanquished Creatures (collateral kills)
  Pikel (D:7)
  2 trolls
  A spriggan (D:7)
  A wraith (D:10)
  2 hungry ghosts
  An orc warrior (Orc:1)
  A phantom (D:6)
  A centaur (D:9)
  Blork the orc (D:6)
  A bullfrog (D:9)
  Dowan (D:7)
  5 killer bees (D:10)
  A centaur skeleton (D:10)
  A jelly (D:9)
  3 orc priests
  A bullfrog skeleton (D:5)
  5 orc wizards
  A worker ant (D:9)
  A gnoll (Orc:2)
  4 adders
  An adder skeleton (D:4)
  3 worms
  A leopard gecko (D:9)
  19 orcs
  A giant cockroach (D:5)
  A hobgoblin (D:3)
  A jackal (D:5)
  A kobold (D:3)
  A giant cockroach zombie (D:5)
64 creatures vanquished.

Vanquished Creatures (others)
  Menkaure (D:7)
  A slave (D:7)
  An orc wizard (Orc:1)
  6 hexers
  34 fungi (D:11)
  15 plants (D:11)
58 creatures vanquished.

Grand Total: 352 creatures vanquished

Notes
Turn   | Place    | Note
-------+----------+-------------------------------------------
     0 | D:1      | Gaball the Formicid Fighter began the quest for the Orb.
     0 | D:1      | Reached XP level 1. HP: 18/18 MP: 1/1
   263 | D:1      | Reached XP level 2. HP: 24/24 MP: 2/2
   415 | D:1      | Reached skill level 3 in Polearms
   898 | D:1      | Reached XP level 3. HP: 29/29 MP: 3/3
  1082 | D:2      | Found a hazy altar of Hepliaklqana.
  1103 | D:2      | Became a worshipper of Hepliaklqana the Forgotten
  1193 | D:2      | Reached skill level 4 in Polearms
  1193 | D:2      | Reached XP level 4. HP: 31/31 MP: 4/4
  1376 | D:2      | Found a bloodstained altar of Trog.
  1377 | D:2      | Found an iron altar of Okawaru.
  1506 | D:2      | Found an opulent altar of Gozag.
  1756 | D:2      | Reached * piety under Hepliaklqana
  1922 | D:3      | Reached skill level 5 in Polearms
  1922 | D:3      | Reached XP level 5. HP: 25/36 MP: 5/5
  1928 | D:3      | Noticed Ijyb
  1936 | D:3      | Killed Ijyb
  2202 | D:3      | Found a radiant altar of Vehumet.
  2571 | D:4      | Reached XP level 6. HP: 38/42 MP: 6/6
  2578 | D:4      | Reached skill level 6 in Polearms
  2628 | D:4      | Found a burning altar of Makhleb.
  2628 | D:4      | Found an ornate altar of the Wu Jian Council.
  2720 | D:4      | Reached ** piety under Hepliaklqana
  2721 | D:4      | Remembered your ancestor Tiberius as a hexer
  2761 | D:4      | Found Higraef's Antique Armour Boutique.
  2777 | D:4      | Noticed an ogre
  2786 | D:4      | Killed an ogre
  2918 | D:4      | Noticed a phantom
  2935 | D:4      | Killed a phantom
  2935 | D:4      | Reached skill level 7 in Polearms
  2935 | D:4      | Reached XP level 7. HP: 41/46 MP: 7/7
  3121 | D:4      | Found a stormy altar of Qazlal.
  3238 | D:4      | Found a staircase to the Ecumenical Temple.
  3626 | D:5      | Entered Level 5 of the Dungeon
  3788 | D:5      | Reached skill level 8 in Polearms
  3809 | D:5      | Found an opulent altar of Gozag.
  3874 | D:5      | Reached XP level 8. HP: 43/52 MP: 8/8
  4154 | D:5      | Reached skill level 9 in Polearms
  4526 | D:6      | Found a glowing silver altar of Zin.
  4535 | D:6      | Reached skill level 10 in Polearms
  4717 | D:6      | Reached *** piety under Hepliaklqana
  4736 | D:6      | Noticed Grinder
  4737 | D:6      | Found a blossoming altar of Fedhas.
  4748 | D:6      | Killed Grinder
  4748 | D:6      | Reached XP level 9. HP: 57/57 MP: 9/9
  4776 | D:6      | Found a shadowy altar of Dithmenos.
  4795 | D:6      | Noticed Blork the orc
  4802 | D:6      | Killed Blork the orc
  4802 | D:6      | Reached skill level 11 in Polearms
  5028 | D:6      | Found an opulent altar of Gozag.
  5180 | D:7      | Noticed Dowan
  5184 | D:7      | Noticed Duvessa
  5191 | D:7      | Killed Dowan
  5200 | D:7      | Killed Duvessa
  5336 | D:7      | Found a runed door.
  5477 | D:7      | Noticed Pikel
  5488 | D:7      | Killed Pikel
  5488 | D:7      | Reached skill level 5 in Shields
  5492 | D:7      | Noticed Menkaure
  5497 | D:7      | Killed Menkaure
  5581 | D:7      | Reached XP level 10. HP: 42/64 MP: 10/10
  5782 | D:7      | Found a hide-covered altar of Uskayaw.
  5984 | D:7      | Noticed Crazy Yiuf
  5995 | D:7      | Killed Crazy Yiuf
  6184 | D:8      | Reached **** piety under Hepliaklqana
  6293 | D:8      | Noticed Gastronok
  6540 | D:8      | Noticed Zleub's ghost (novice GnSk)
  6597 | D:8      | Killed Zleub's ghost
  6597 | D:8      | Reached skill level 5 in Fighting
  6597 | D:8      | Reached skill level 12 in Polearms
  6597 | D:8      | Reached skill level 5 in Armour
  7064 | D:8      | Killed Gastronok
  7242 | D:9      | Reached XP level 11. HP: 69/72 MP: 11/11
  7411 | D:9      | Reached ***** piety under Hepliaklqana
  7458 | D:9      | Found a sparkling altar of Nemelex Xobeh.
  7460 | D:9      | Found a bloodstained altar of Trog.
  7719 | D:10     | Entered Level 10 of the Dungeon
  7846 | D:10     | Got a jewelled spear
  7852 | D:10     | Identified the +1 spear of the Establishment {pierce, rF+ rC- Str+7} (You found it on level 10 of the Dungeon)
  8280 | D:10     | Found a shattered altar of Ashenzari.
  8425 | D:10     | Found a staircase to the Orcish Mines.
  8720 | D:11     | Noticed tsumetai's ghost (journeyman HuMo)
  8776 | D:11     | Killed tsumetai's ghost
  9006 | D:11     | Noticed a purple ugly thing
  9092 | Orc:1    | Entered Level 1 of the Orcish Mines
  9125 | Orc:1    | Noticed Regeox's ghost (novice HOFi)
  9178 | Orc:1    | Killed Regeox's ghost
  9438 | Orc:2    | Entered Level 2 of the Orcish Mines
  9889 | Orc:2    | Noticed a stone giant
  9934 | Orc:2    | Killed a stone giant
  9934 | Orc:2    | Reached XP level 12. HP: 67/85 MP: 12/12
  9959 | Orc:2    | Noticed a sixfirhy
  9959 | Orc:2    | Noticed a sun demon
 10292 | Orc:2    | Found a staircase to the Elven Halls.
 10408 | Orc:2    | Noticed an orc warlord
 10503 | Orc:1    | Noticed Harold
 10861 | Orc:1    | Reached skill level 1 in Evocations
 10886 | Orc:1    | Killed an orc warlord
 10886 | Orc:1    | Reached skill level 10 in Fighting
 10886 | Orc:1    | Reached skill level 10 in Armour
 11423 | Orc:2    | Noticed an orc high priest
 11443 | Orc:2    | Noticed a sixfirhy
 11456 | Orc:2    | HP: 1/88 [sixfirhy[an orc high priest] (8)]
 11456 | Orc:2    | Mangled by a sixfirhy

Vault maps used:
D:1:      lemuel_arrival_river_ford, minmay_tetromino_l4
D:2:      gammafunk_temple_overflow_pools, old_standard_altar,
          grunt_gozag_breadcrumbs
D:3:      lemuel_doored_altar, first_ration, minmay_surrounded, uniq_ijyb
D:4:      nicolae_overflow_hidden_temple, gammafunk_temple_overflow_elements,
          minmay_temple_entry_butterflies, serial_shops, shop, serial_forest,
          infiniplex_forest_clump_diagonal, infiniplex_forest_corner_1,
          infiniplex_forest_clump_C, infiniplex_forest_corner_1,
          infiniplex_forest_straight_2, infiniplex_forest_straight_2,
          infiniplex_forest_lined_room_
D:5:      lemuel_round_altar
D:6:      kennysheep_mini, zin_academy, basic_altar, grunt_ministairs_3,
          serial_bayou_ford_a, grunt_dithmenos_shadows, uniq_blork_the_orc,
          uniq_grinder
D:7:      basic_altar, the_bakery, dk_noncrumbling_3, uniq_duvessa,
          uniq_menkaure, uniq_crazy_yiuf_cottage, uniq_pikel
D:8:      uniq_gastronok
D:9:      nemelex_xobeh_ov_fountains_minmay, trog_three_pillars_becter
D:10:     hiddenorc1_lemuel, nicolae_ashenzari_panopticon
D:11:     due_lair_maze_entry_diamond, minivault_26, kennysheep_generic_room_13
Orc:1:    serial_shops, shop, uniq_harold
Orc:2:    st_orc_pillars, statue_in_the_mist_lemuel, elf_legates

Skill      XL: |  1  2  3  4  5  6  7  8  9 10 11 12 |
---------------+-------------------------------------+-----
Polearms       | 3 4 5 7 8 10 11 12 | 12.6
Shields        | 5 8 9 |  9.0
Fighting       | 4 6 9 10 | 10.3
Armour         | 4 6 9 10 | 10.3
Evocations     | 3 |  3.0

Action                   |  1- 3 |  4- 6 |  7- 9 | 10-12 || total
-------------------------+-------+-------+-------+-------++-------
Melee: Trident           |    94 |   120 |   284 |   302 ||   800
       Spear             |       |       |       |   608 ||   608
Invok: Ancestor Identity |       |     1 |       |       ||     1
       Ancestor Life: He |       |     1 |       |       ||     1
  Use: Scroll            |       |     8 |       |    14 ||    22
       Potion            |       |       |       |     6 ||     6
 Stab: Distracted        |       |       |     2 |     8 ||    10
       Confused          |       |       |     1 |     6 ||     7
  Eat: Chunk             |     1 |     5 |     9 |    18 ||    33
       Ration            |       |       |       |     1 ||     1
Armor: Scale mail        |    41 |    22 |    45 |   111 ||   219
Dodge: Dodged            |    26 |    25 |    54 |   157 ||   262
Block: Shield            |    47 |    37 |    76 |   228 ||   388

Table legend:
 A = Spawn XP
 B = Non-spawn XP
 C = Spawn XP percentage of total XP
 D = Spawn monster count
 E = Non-spawn monster count
 F = Spawn count percentage of total count
 G = Total turns spent on level
                    A         B        C        D         E        F      G
               +---------+---------+-------+---------+---------+-------+---------
         Total |       0 |   20431 |   0.0 |       0 |     294 |   0.0 | 11456
               +---------+---------+-------+---------+---------+-------+---------
           D:1 |       0 |      29 |   0.0 |       0 |      19 |   0.0 |   999
           D:2 |       0 |      46 |   0.0 |       0 |      10 |   0.0 |   795
           D:3 |       0 |     163 |   0.0 |       0 |      16 |   0.0 |   752
           D:4 |       0 |     403 |   0.0 |       0 |      17 |   0.0 |  1080
           D:5 |       0 |     534 |   0.0 |       0 |      19 |   0.0 |   652
           D:6 |       0 |    1277 |   0.0 |       0 |      25 |   0.0 |   818
           D:7 |       0 |    1535 |   0.0 |       0 |      19 |   0.0 |  1258
           D:8 |       0 |    3317 |   0.0 |       0 |      11 |   0.0 |   771
           D:9 |       0 |    1510 |   0.0 |       0 |      27 |   0.0 |   594
          D:10 |       0 |    2058 |   0.0 |       0 |      48 |   0.0 |  1032
          D:11 |       0 |    1638 |   0.0 |       0 |       6 |   0.0 |   341
         Orc:1 |       0 |    3782 |   0.0 |       0 |      16 |   0.0 |  1453
         Orc:2 |       0 |    4139 |   0.0 |       0 |      61 |   0.0 |   911
               +---------+---------+-------+---------+---------+-------+---------
